 Dungeon Crawl Stone Soup version 0.25-a0-316-gd28d56f9c5 (webtiles) character file.

Game seed: 13122493431245554526, levelgen mode: deterministic

46 Sithun the Sneak (level 3, -1/35 HPs)
             Began as a Troll Assassin on Dec 24, 2019.
             Slain by a gnoll
             ... wielding a +0 spear
              (6 damage)
             ... on level 2 of the Dungeon.
             The game lasted 00:08:21 (1548 turns).

Sithun the Sneak (Troll Assassin)                   Turns: 1548, Time: 00:08:22

Health: -1/35      AC:  7    Str: 19    XL:     3   Next: 46%
Magic:  2/2        EV: 10    Int:  7    God:
Gold:   72         SH:  0    Dex: 12    Spells: 2/2 levels left

rFire    . . .     SeeInvis .   a - +2 dagger
rCold    . . .     Gourm    +   (no shield)
rNeg     . . .     Faith    .   b - +0 robe
rPois    .         Spirit   .   (helmet restricted)
rElec    .         Reflect  .   c - +0 cloak
rCorr    .         Harm     .   (gloves unavailable)
MR       .....                  (boots unavailable)
Stlth    ++........             (no amulet)
HPRegen  0.51/turn              (no ring)
MPRegen  0.08/turn              (no ring)

@: no status effects
A: large, unfitting armour, claws 3, fast metabolism 3, gourmand, regeneration
1, shaggy fur 1, tough skin 3
a: no special abilities


You were on level 2 of the Dungeon.
You were not hungry.

You visited 1 branch of the dungeon, and saw 2 of its levels.

You collected 72 gold pieces.

Inventory:

Hand Weapons
 a - a +2 dagger (weapon)
 j - a +0 spear
 m - a +0 club
Missiles
 d - 8 poisoned darts (quivered)
 e - 2 curare-tipped darts
 k - 8 atropa-tipped darts
Armour
 b - a +0 robe (worn)
 c - a +0 cloak (worn)
 g - a +0 chain mail
 h - a +0 helmet
Scrolls
 i - a scroll of magic mapping
 n - 2 scrolls of teleportation {unknown}
 o - a scroll of enchant armour {unknown}
Potions
 l - a potion of heal wounds {unknown}
Comestibles
 f - 2 rations


   Skills:
 + Level 1.7 Fighting
 * Level 2.0 Short Blades
 - Level 1.8 Throwing
 + Level 1.3 Dodging
 * Level 2.7 Stealth


You had 2 spell levels left.
You didn't know any spells.
Your spell library was empty.

Dungeon Overview and Level Annotations

Branches:
Dungeon (2/15)

Altars:
Nemelex Xobeh


Innate Abilities, Weirdness & Mutations

You are too large for most types of armour.
You have claws for hands.
Your metabolism is lightning-fast.
You like to eat raw meat.
Your natural rate of healing is unusually fast.
You are covered in fur. (AC +1)
You have extremely tough skin. (AC +3)


Message History

The gnoll hits you from afar with a +0 spear!
The gnoll closely misses you.
You are too injured to fight recklessly!
You are too injured to fight recklessly!
You are too injured to fight recklessly!
You are too injured to fight recklessly!
You are too injured to fight recklessly!
The gnoll barely misses you.
The gnoll hits you from afar with a +3 spear.
The gnoll barely misses you.
There is an open door here.
You hit the gnoll but do no damage.
The gnoll hits you from afar with a +0 spear!
* * * LOW HITPOINT WARNING * * *
The gnoll hits you but does no damage.
The gnoll hits you from afar with a +3 spear.
* * * LOW HITPOINT WARNING * * *
You barely miss the gnoll.
The gnoll hits you from afar with a +0 spear.
You die...

#.######.####.##### #
#..##...†.........###
#########.#...##.####.......#
#........###.....# #.###(#.#
#.#######.#....### #.###.#.#
#.# ##....## #........ ###
###.## #.#####.# #.# #.......#
#@# #.####### ##g## #.#
#.#gg.## #.# #### #......#
#.## ...###### #.......#
#..###
.##.#...####.........####....#
.†.........+.........+.......#
.##.#...####.........####....#
.......## ##.......## ##.#.#


You could see 3 gnolls.

Vanquished Creatures
  2 oozes
  A leopard gecko (D:1)
  3 giant cockroaches (D:2)
  2 goblins (D:1)
  7 hobgoblins
  3 jackals (D:1)
  3 bats
  2 frilled lizards (D:1)
  6 kobolds
  5 rats
34 creatures vanquished.

Notes
Turn   | Place    | Note
-------+----------+-------------------------------------------
     0 | D:1      | Sithun the Troll Assassin began the quest for the Orb.
     0 | D:1      | Reached XP level 1. HP: 19/19 MP: 0/0
    84 | D:1      | Reached skill level 1 in Dodging
   106 | D:1      | Reached XP level 2. HP: 23/27 MP: 1/1
   765 | D:1      | Reached XP level 3. HP: 8/33 MP: 2/2
  1266 | D:2      | Found a sparkling altar of Nemelex Xobeh.
  1548 | D:2      | Slain by a gnoll

Levels and vault maps discovered:
D:1:      dpeg_arrival_water_altar, layout_basic, serial_corexii_hall,
          chequers_hall_statues_wall_a, chequers_hall_statues_wall_a,
          serial_bayou_pond_c, minmay_misc_feat_hallway, minmay_misc_feat_iff
D:2:      layout_loops_corners, nicolae_overflow_hidden_temple,
          marbit_many_paths, nemelex_lonely_heart_becter, uniq_jessica

Skill      XL: |  1  2  3 |
---------------+----------+-----
Dodging        | 1 |  1.3
Short Blades   | 2 |  2.0
Fighting       | |  1.7
Throwing       | |  1.8
Stealth        | |  2.7

Action                   || total
-------------------------++-------
Melee: Dagger            ||   126
  Use: Scroll            ||     4
 Stab: Sleeping          ||     5
  Eat: Ration            ||     4
Armor: Robe              ||    57
Dodge: Dodged            ||    61

Table legend:
 A = Non-vault XP
 B = Vault XP
 C = Vault XP percentage of total XP
 D = Non-vault monster count
 E = Vault monster count
 F = Vault count percentage of total count
                 A         B        C        D         E       F
            +---------+---------+-------+---------+---------+-------
      Total |      67 |       0 |   0.0 |      34 |       0 |   0.0
            +---------+---------+-------+---------+---------+-------
        D:1 |      45 |       0 |   0.0 |      24 |       0 |   0.0
        D:2 |      22 |       0 |   0.0 |      10 |       0 |   0.0
            +---------+---------+-------+---------+---------+-------
